 Dungeon Crawl Stone Soup version 0.29.1-2-gbd0b4ee654 (webtiles) character file.

Game seed: 13851365914179936411

19558 NinjaNoafa the Scribe (level 12, -1/51 HPs)
             Began as a Spriggan Enchanter on Nov 16, 2022.
             Was a Priest of Sif Muna.
             Slain by a blink frog (12 damage)
             ... on level 2 of the Lair of Beasts.
             The game lasted 01:02:16 (23246 turns).

NinjaNoafa the Scribe (Spriggan Enchanter)         Turns: 23246, Time: 01:02:16

Health: -1/51      AC:  8    Str:  4    XL:     12   Next: 37%
Magic:  0/11       EV: 23    Int: 26    God:    Sif Muna [***...]
Gold:   1525       SH:  0    Dex: 17    Spells: 13/27 levels left

rFire   . . .      SeeInvis +   H - +6 quick blade of Contradiction {antimagic, Stlth+}
rCold   . . .      Faith    .   (no shield)
rNeg    . . .      Spirit   +   J - +2 robe {Will+}
rPois   .          Reflect  .   C - +2 hat {Will+}
rElec   .          Harm     .   D - +1 cloak
rCorr   .          Rampage  .   (gloves unavailable)
Will    ++++.                   (boots unavailable)
Stlth   +++++.....              n - amulet of guardian spirit
HPRegen 0.17/turn               L - +6 ring of intelligence
MPRegen 0.12/turn               u - ring of magical power

@: studying Maces & Flails, very quick
A: very small, no large weapons, unfitting armour, see invisible, speed 3
a: Renounce Religion, Channel Magic, Forget Spell


You were on level 2 of the Lair of Beasts.
You worshipped Sif Muna.
Sif Muna was most pleased with you.
You visited 3 branches of the dungeon, and saw 14 of its levels.

You collected 2011 gold pieces.
You spent 486 gold pieces at shops.

Inventory:

Hand Weapons
 b - a +9 vampiric dagger
 E - the +7 short sword "Fini" {holy, rPois rN+ MP-9 Str+4 Dex+3}
   (You found it on level 5 of the Dungeon)

   It has been blessed by the Shining One to cause great damage to the undead
   and demons.
   Str:       It affects your strength (+4).
   Dex:       It affects your dexterity (+3).
   rPois:     It protects you from poison.
   rN:        It protects you from negative energy.
   MP:        It affects your magic capacity (-9).
 H - the +6 quick blade of Contradiction (weapon) {antimagic, Stlth+}
   (You acquired it on level 10 of the Dungeon)

   It reduces the magical energy of the wielder, and disrupts the spells and
   magical abilities of those it strikes.
   Natural abilities and divine invocations are not affected.
   Stlth:     It makes you more stealthy.
Missiles
 h - 183 stones
 o - 20 poisoned darts
 s - 21 boomerangs
 K - 8 curare-tipped darts
Armour
 C - a +2 hat of willpower (worn)
 D - a +1 cloak (worn)
 J - a +2 robe of willpower (worn)
Jewellery
 n - an amulet of guardian spirit (around neck)
 r - a ring of flight
 u - a ring of magical power (right hand)
 B - a ring of poison resistance
 L - a +6 ring of intelligence (left hand)
 M - a ring of willpower
Wands
 I - a wand of paralysis (5)
 O - a wand of roots (7)
Scrolls
 c - a scroll of summoning
 g - 2 scrolls of teleportation
 i - 2 scrolls of butterflies
 j - a scroll of immolation
 k - a scroll of enchant weapon
 t - a scroll of amnesia
 w - a scroll of vulnerability
 y - 4 scrolls of magic mapping
 z - a scroll of torment
 A - 2 scrolls of identify
 F - a scroll of silence
 G - a scroll of blinking
 N - a scroll of poison
Potions
 a - 4 potions of might
 d - 2 potions of heal wounds
 e - 3 potions of curing
 f - a potion of cancellation
 l - 3 potions of mutation
 m - a potion of brilliance
 p - 2 potions of haste
 q - a potion of attraction
 v - 2 potions of invisibility
 x - 5 potions of resistance
 P - a potion of ambrosia {unknown}


   Skills:
 - Level 10.2 Short Blades
 - Level 9.3 Dodging
 - Level 9.0 Stealth
 + Level 8.1 Spellcasting
 - Level 2.0 Conjurations
 + Level 10.2 Hexes
 - Level 2.0 Ice Magic
 - Level 3.0 Poison Magic
 - Level 11.0 Invocations
 + Level 6.6 Evocations


You had 13 spell levels left.
You knew the following spells:

 Your Spells              Type           Power      Damage    Failure   Level
a - Ensorcelled Hibernat  Hex/Ice        84%        N/A       1%          2
b - Confusing Touch       Hex            59%        N/A       1%          3
c - Tukima's Dance        Hex            59%        N/A       1%          3
d - Dazzling Flash        Conj/Hex       84%        N/A       1%          3
e - Sting                 Tmut/Pois      72%        1d6       3%          1
f - Poisonous Vapours     Pois/Air       36%        N/A       4%          2

Your spell library contained the following spells:

 Spells                   Type           Power      Damage    Failure   Level
 Portal Projectile        Hex/Tloc       74%        N/A       1%          3
 Anguish                  Hex/Necr       18%        N/A       7%          4
 Leda's Liquefaction      Hex/Erth       18%        N/A       7%          4
 Olgreb's Toxic Radiance  Pois           26%        N/A       16%         4
 Call Canine Familiar     Summ           10%        N/A       17%         3
 Summon Mana Viper        Hex/Summ       37%        N/A       19%         5
 Enfeeble                 Hex            29%        N/A       58%         7
 Necromutation            Tmut/Necr      5%         N/A       100%        8


Dungeon Overview and Level Annotations

Branches:
Dungeon (11/15)            Temple (1/1) D:7            Lair (2/5) D:11
    Orc (0/2) D:11
  Swamp: Lair:2-3    Shoals: Lair:2-3     Snake: Lair:2-3    Spider: Lair:2-3

Altars:
Ashenzari
Cheibriados
Dithmenos
Elyvilon
Fedhas
Gozag
Hepliaklqana
Kikubaaqudgha
Makhleb
Nemelex Xobeh
Okawaru
Qazlal
Ru
Sif Muna
Trog
Uskayaw
Vehumet
Wu Jian
Xom
Yredelemnul
Zin
The Shining One
Lugonu

Shops:
D:11 *

Annotations:
D:10 2 transporters
Lair:2 3 runed translucent doors, ERAB's ghost, journeyman GrFi


Innate Abilities, Weirdness & Mutations

You are very small and have problems with some larger weapons.
You are too small for most types of armour.
You have supernaturally acute eyesight. (SInv)
You cover ground extremely quickly. (Speed+++)


Message History

The blink frog is lightly wounded.
The blink frog's magic is no longer disrupted.
The blink frog completely misses you.
You closely miss the blink frog.
The blink frog is lightly wounded.
The blink frog closely misses you.
You puncture the blink frog!
The blink frog's magic leaks into the air.
The blink frog is moderately wounded.
The blink frog blinks! x2
Casting: Ensorcelled Hibernation (safe; 1% risk of failure)
Confirm with . or Enter, or press ? or * to list all spells.
Aiming: Poisonous Vapours (safe; 4% risk of failure)
Press: ? - help, Dir - move target, f - blink frog
Aim: a blink frog (lightly wounded)
Okay, then.
Casting: Poisonous Vapours (safe; 4% risk of failure)
Confirm with . or Enter, or press ? or * to list all spells.
Aiming: Sting (safe; 3% risk of failure)
Press: ? - help, Shift-Dir - straight line, f - blink frog
Aim: a blink frog (lightly wounded, 54% to hit)
The sting misses the blink frog.
The blink frog's magic is no longer disrupted.
The blink frog hits you!
* * * LOW HITPOINT WARNING * * *
The blink frog blinks!
Casting: Sting (safe; 3% risk of failure)
Confirm with . or Enter, or press ? or * to list all spells.
Aiming: Sting (safe; 3% risk of failure)
Press: ? - help, Shift-Dir - straight line, f - blink frog, p - blink frog
Aim: a blink frog (moderately wounded, 54% to hit)
The sting hits the blink frog.
The blink frog is poisoned.
The blink frog is heavily wounded.
The blink frog blinks!
The blink frog barely misses you.
The blink frog blinks!
You closely miss the blink frog.
The blink frog is severely wounded.
The blink frog blinks!
The blink frog completely misses you.
The blink frog looks more healthy.
The blink frog barely misses you. The blink frog hits you!
You die...

## #......#
..####.###......#
.......††....F.###
......†..........##
#####.#.#.........#
######......P## #
##....§..### #
##F........# ###
#.@F..P#.## #.#
#...#### # ..##
##...# ...#
###....# ...#
###P.#...## .###
#.........## ##
##..........# #
#P........).# #
##.........##


You could see 3 blink frogs.

Vanquished Creatures
  Gastronok (D:11)
  Josephine (D:10)
  2 two-headed ogres (D:11)
  Nergalle (Lair:1)
  Sonja (Lair:2)
  An orc knight (D:11)
  A cyclops (D:11)
  Joseph (D:7)
  2 cane toads (Lair:1)
  2 komodo dragons
  A troll (D:10)
  Prince Ribbit (D:7)
  7 blink frogs
  A hornet (D:7)
  Sigmund (D:5)
  A vampire (D:11)
  3 wraiths (D:10)
  A wyvern (D:7)
  18 yaks
  Grum (D:10)
  A warg (D:11)
  Duvessa (D:5)
  An acid dragon (D:10)
  6 water moccasins
  7 orc warriors
  3 black bears
  An ice beast (D:8)
  2 sky beasts
  4 ogres
  3 wolves
  6 centaurs
  3 kobold brigands
  Blork the orc (D:5)
  5 bullfrogs
  2 scorpions
  11 wights
  Dowan (D:5)
  2 howler monkeys (D:6)
  2 jellies
  8 orc priests
  A gnoll bouda (D:6)
  4 hounds
  Crazy Yiuf (D:2)
  4 iguanas
  14 orc wizards
  9 gnolls
  8 adders
  A shadow imp (D:4)
  2 white imps (D:6)
  4 worms
  3 dart slugs
  50 orcs
  7 bats
  6 endoplasms
  2 giant cockroaches
  6 goblins
  8 hobgoblins
  6 quokkas
  9 ball pythons
  4 frilled lizards
  19 kobolds
  7 rats
  A bush (D:1)
294 creatures vanquished.

Vanquished Creatures (collateral kills)
  A two-headed ogre (D:8)
  Lodul (D:11)
  A troll (D:11)
  Eustachio (D:6)
  4 ogres (D:11)
  A centaur (D:8)
  A gnoll sergeant (D:8)
  2 wights
  2 gnolls
  5 orcs
  2 goblins (D:11)
  3 kobolds (D:9)
24 creatures vanquished.

Vanquished Creatures (others)
  11 dancing weapons
  A gnoll (D:6)
  5 fungi
  3 plants
20 creatures vanquished.

Grand Total: 338 creatures vanquished

Notes
Turn   | Place    | Note
-------+----------+-------------------------------------------
     0 | D:1      | NinjaNoafa the Spriggan Enchanter began the quest for the
                  | Orb.
     0 | D:1      | Reached XP level 1. HP: 9/9 MP: 5/5
   227 | D:1      | Reached XP level 2. HP: 13/13 MP: 7/7
  1703 | D:2      | Reached XP level 3. HP: 15/16 MP: 8/8
  1796 | D:2      | Found a runed translucent door.
  1797 | D:2      | Noticed Crazy Yiuf
  2142 | D:2      | Learned a level 2 spell: Ensorcelled Hibernation
  2226 | D:2      | Got the Almanac of Gloom and Interference
  2251 | D:2      | Found a burning altar of Makhleb.
  2383 | D:3      | Found a blossoming altar of Fedhas.
  3137 | D:3      | Reached XP level 4. HP: 21/21 MP: 9/9
  3335 | D:3      | Reached skill level 5 in Hexes
  3879 | D:3      | Found a glowing silver altar of Zin.
  4214 | D:4      | Reached skill level 1 in Ice Magic
  5103 | D:4      | Found a sparkling altar of Nemelex Xobeh.
  5240 | D:5      | Entered Level 5 of the Dungeon
  5277 | D:5      | Noticed Dowan
  5280 | D:5      | Noticed Duvessa
  5303 | D:5      | Killed Duvessa
  5304 | D:5      | Reached XP level 5. HP: 19/24 MP: 10/10
  5312 | D:5      | Killed Dowan
  5313 | D:5      | Reached XP level 6. HP: 22/28 MP: 5/11
  5426 | D:5      | Found a snail-covered altar of Cheibriados.
  5840 | D:5      | Noticed a water moccasin
  5874 | D:5      | Killed a water moccasin
  5875 | D:5      | Reached skill level 5 in Short Blades
  5875 | D:5      | Reached skill level 5 in Dodging
  6038 | D:5      | Reached XP level 7. HP: 28/32 MP: 13/13
  6159 | D:5      | Reached skill level 5 in Stealth
  6328 | D:5      | Noticed Sigmund
  6345 | D:5      | Killed Sigmund
  6461 | D:5      | Identified the +7 short sword "Fini" {holy, rPois rN+ MP-9
                  | Str+4 Dex+3}
  6475 | D:5      | Learned a level 3 spell: Confusing Touch
  6479 | D:5      | Learned a level 3 spell: Tukima's Dance
  6619 | D:5      | Found an ancient bone altar of Kikubaaqudgha.
  6679 | D:5      | Noticed Blork the orc
  6696 | D:5      | Killed Blork the orc
  7046 | D:6      | Reached XP level 8. HP: 36/36 MP: 15/15
  7649 | D:6      | Noticed Eustachio
  8006 | D:2      | Killed Crazy Yiuf
  8455 | D:6      | Killed Eustachio
  8681 | D:6      | Found an ornate altar of the Wu Jian Council.
  9176 | D:7      | Reached XP level 9. HP: 39/39 MP: 11/16
  9266 | D:7      | Found a shimmering blue altar of Sif Muna.
  9670 | D:7      | Reached skill level 10 in Short Blades
  9672 | D:7      | Noticed Joseph
  9909 | D:7      | Found a staircase to the Ecumenical Temple.
 10005 | Temple   | Entered the Ecumenical Temple
 10124 | D:7      | Became a worshipper of Sif Muna the Loreminder
 10275 | D:7      | Found a white marble altar of Elyvilon.
 10275 | D:7      | Found a shimmering altar of Xom.
 10277 | D:7      | Found a broken altar of Ashenzari.
 10387 | D:7      | Reached skill level 1 in Conjurations
 10875 | D:7      | Noticed Prince Ribbit
 10888 | D:7      | Killed Prince Ribbit
 10889 | D:7      | Reached skill level 2 in Invocations
 11082 | D:7      | Killed Joseph
 11083 | D:7      | Reached skill level 4 in Invocations
 11469 | D:8      | Noticed a two-headed ogre
 11491 | D:8      | Killed a two-headed ogre
 11492 | D:8      | Reached skill level 5 in Invocations
 11492 | D:8      | Reached XP level 10. HP: 38/44 MP: 4/17
 11509 | D:8      | Reached skill level 6 in Invocations
 12069 | D:8      | Identified the +2 helmet of the Vestibule of Hell {rC+
                  | rCorr}
 12277 | D:8      | Reached skill level 7 in Invocations
 12868 | D:8      | Reached * piety under Sif Muna
 13474 | D:8      | Learned a level 3 spell: Dazzling Flash
 13739 | D:8      | Reached skill level 5 in Spellcasting
 14303 | D:9      | Found a shadowy altar of Dithmenos.
 14343 | D:9      | You fall into a shaft and drop 1 floor!
 14343 | D:10     | Entered Level 10 of the Dungeon
 14489 | D:10     | Reached skill level 8 in Invocations
 14503 | D:10     | Noticed a thrashing horror
 14504 | D:10     | Found a transporter.
 14504 | D:10     | Noticed a large abomination
 14505 | D:10     | Found a corrupted altar of Lugonu.
 14507 | D:10     | Noticed a large abomination
 14507 | D:10     | Noticed a white ugly thing
 14508 | D:10     | Noticed a purple ugly thing
 14514 | D:10     | Identified a scroll of acquirement
 14514 | D:10     | Acquired the +6 quick blade of Contradiction {antimagic,
                  | Stlth+}
 14530 | D:10     | Noticed a swamp dragon
 14530 | D:10     | a yaktaur changed into a swamp dragon
 14533 | D:10     | Noticed a steelbarb worm
 14533 | D:10     | a swamp dragon changed into a steelbarb worm
 14540 | D:10     | Noticed a glowing orange brain
 14540 | D:10     | a steelbarb worm changed into a glowing orange brain
 14908 | D:10     | Found a transporter.
 14914 | D:10     | Noticed an ettin
 14972 | D:10     | Noticed a moth of wrath
 15909 | D:10     | Noticed Grum
 15915 | D:10     | Killed Grum
 15916 | D:10     | Reached skill level 9 in Invocations
 16166 | D:10     | Found a bloodstained altar of Trog.
 16167 | D:10     | Noticed Josephine
 16191 | D:10     | Reached ** piety under Sif Muna
 16216 | D:10     | Reached XP level 11. HP: 45/47 MP: 17/19
 16256 | D:10     | Killed Josephine
 16610 | D:10     | Noticed a death drake
 16691 | D:11     | Noticed a two-headed ogre
 16699 | D:11     | Killed a two-headed ogre
 16717 | D:11     | Noticed a two-headed ogre
 16725 | D:11     | Killed a two-headed ogre
 16736 | D:11     | Noticed an orc knight
 16871 | D:11     | Reached skill level 10 in Invocations
 17684 | D:11     | Noticed Lodul
 17725 | D:11     | Found a staircase to the Orcish Mines.
 17757 | D:11     | Killed Lodul
 17758 | D:11     | Reached skill level 11 in Invocations
 17954 | D:11     | Noticed a two-headed ogre
 17967 | D:10     | Reached skill level 1 in Evocations
 18437 | D:11     | Killed an orc knight
 18437 | D:11     | Reached *** piety under Sif Muna
 19035 | D:10     | Acquired 999 gold pieces
 19540 | D:11     | Found a staircase to the Lair.
 19542 | D:11     | Identified the +7 long sword of Irritation {venom, Fragile
                  | rPois rF- rN++}
 19611 | D:11     | Noticed Gastronok
 19959 | D:11     | Found Egir Fin's General Store.
 19969 | D:11     | Bought a scroll of vulnerability for 44 gold pieces
 19969 | D:11     | Bought a potion of mutation for 88 gold pieces
 19969 | D:11     | Bought a scroll of identify for 22 gold pieces
 19969 | D:11     | Bought a scroll of noise for 11 gold pieces
 19969 | D:11     | Bought a wand of roots (2) for 52 gold pieces
 19969 | D:11     | Bought a +0 buckler for 49 gold pieces
 19969 | D:11     | Bought a Young Poisoner's Handbook for 220 gold pieces
 19972 | D:11     | Learned a level 1 spell: Sting
 20146 | D:11     | Killed Gastronok
 20147 | D:11     | Reached skill level 1 in Poison Magic
 20304 | Lair:1   | Entered Level 1 of the Lair of Beasts
 20352 | Lair:1   | Reached XP level 12. HP: 49/51 MP: 4/23
 20390 | Lair:1   | Noticed Nergalle
 21163 | D:11     | Learned a level 2 spell: Poisonous Vapours
 21272 | Lair:1   | Reached skill level 5 in Evocations
 21351 | Lair:1   | Killed Nergalle
 22763 | Lair:2   | Noticed Sonja
 22771 | Lair:2   | Killed Sonja
 22772 | Lair:2   | Reached skill level 10 in Hexes
 23079 | Lair:2   | Found a runed translucent gate.
 23083 | Lair:2   | Noticed a 13-headed hydra
 23083 | Lair:2   | Noticed ERAB's ghost (journeyman GrFi)
 23084 | Lair:2   | Found a runed translucent gate.
 23084 | Lair:2   | Found a runed translucent gate.
 23246 | Lair:2   | Slain by a blink frog

Illustrated notes

Levels and vault maps discovered:
D:1:      lightli_arrival_windingriver, layout_basic, serial_forest,
          infiniplex_forest_straight_3, infiniplex_forest_lined_3,
          infiniplex_forest_3_way, infiniplex_forest_clump_large,
          infiniplex_forest_clump_double, infiniplex_forest_straight_1,
          infiniplex_forest_lined_corner, infiniplex_forest_lined_room_2,
          infiniplex_forest_zigzag_1, infiniplex_forest_clump_long,
          palyth_stone_intersect
D:2:      layout_rooms, basic_altar, uniq_crazy_yiuf_cottage
D:3:      layout_loops_ring, zin_scriptorium, lemuel_tele_altar,
          chequers_serial_rivers_micro_c
D:4:      layout_loops_corners, nemelex_diamond_rough_becter
D:5:      layout_rooms, mainiacjoe_overflow_cross_hatched,
          nicolae_kikubaaqudgha_miasma_corner, uniq_sigmund, uniq_blork_the_orc,
          uniq_duvessa
D:6:      layout_rooms, kennysheep_little_box, uniq_eustachio
D:7:      layout_loops_corners, mainiacjoe_overflow_24_doors,
          nicolae_overflow_hidden_temple, minmay_temple_entry_enclosed_plants,
          minmay_manual_mares, uniq_joseph, uniq_prince_ribbit1
D:8:      layout_cave_pods
D:9:      layout_gridville, mainiacjoe_overflow_boulevard
D:10:     gammafunk_corrupted_shrine, layout_basic, tgw_trog, uniq_josephine,
          uniq_grum
D:11:     layout_roguey [special_room_orc], lair_entry_dummy, erik_orc_4,
          serial_shops, nicolae_lakefront_shop, uniq_gastronok, uniq_lodul
Temple:   compressed_dpeg_circular_temple
Lair:1:   layout_regular_city, gauntlet_entry_generic, st_stairs_8,
          grunt_forest_small_clearings, lemuel_fruit_fields, uniq_nergalle
Lair:2:   layout_layer_cave, gammafunk_ghost_hydra_chop, lemuel_fruit_tree,
          uniq_sonja

Skill      XL: |  1  2  3  4  5  6  7  8  9 10 11 12 |
---------------+-------------------------------------+-----
Spellcasting   | 3 4 5 7 8 |  8.1
Short Blades   | 2 3 4 5 9 10 | 10.2
Hexes          | 4 5 7 9 10 | 10.2
Ice Magic      | 2 |  2.0
Dodging        | 3 4 5 6 7 9 |  9.3
Stealth        | 5 6 9 |  9.0
Conjurations   | 2 |  2.0
Invocations    | 5 9 11 | 11.0
Evocations     | 4 6 |  6.6
Poison Magic   | 2 3 |  3.0

Action                   |  1- 3 |  4- 6 |  7- 9 | 10-12 || total
-------------------------+-------+-------+-------+-------++-------
Melee: Dagger            |   484 |    83 |       |     8 ||   575
       Punch             |    12 |     1 |     2 |    11 ||    26
       Short sword       |       |    22 |   161 |   182 ||   365
       Quick blade       |       |       |       |   388 ||   388
Throw: Dart              |     5 |     4 |       |       ||     9
 Cast: Ensorcelled Hiber |    10 |    42 |    87 |   117 ||   256
       Tukima's Dance    |       |       |    19 |    50 ||    69
       Confusing Touch   |       |       |     3 |    19 ||    22
       Dazzling Flash    |       |       |       |     7 ||     7
       Sting             |       |       |       |    14 ||    14
       Poisonous Vapours |       |       |       |    12 ||    12
  Use: Potion            |       |     1 |     4 |     8 ||    13
       Scroll            |       |       |    13 |    18 ||    31
 Stab: Sleeping          |    12 |    31 |    51 |    76 ||   170
       Invisible         |       |     2 |     1 |     3 ||     6
       Confused          |       |       |     2 |    21 ||    23
Armor: Robe              |    15 |     6 |    10 |    38 ||    69
       Skin              |       |       |       |     4 ||     4
Dodge: Dodged            |   123 |    69 |   220 |   415 ||   827
